AoeStats
← _LY_抖音肥龙

Arabia

508627233Analyzed
4v4 RM · 9d ago on Sep 23, 2026· 36m 53s· 8 players
Game mode
Random Map
Map size
Large (8 player)
Population
200
Speed
Normal
Resources
Standard
Victory
Conquest
Starting age
Dark Age
Ending age
Imperial Age
RankedLock teamsTeams togetherTeam positionsShared explorationLock speedFull tech treeHidden civsTurbo modeCheats
Victory
Defeat
🇹🇷 Franks · Türkiye
1953
+10
🇷🇺 Britons · Russia
1916
+11
🇹🇷 Khmer · Türkiye
1893
+12
🇭🇰 Danes · Hong Kong SAR China
1589
+25
🇭🇰 Varangians · Hong Kong SAR China
1856
-16
🇨🇱 Ethiopians · Chile
1829
-15
🇯🇵 Maya · Japan
1786
-14
🇻🇳 Persians · Vietnam
1759
-13
_LY_抖音肥龙
6:30 Loom
8:49 Feudal Age
9:45 Double-Bit Axe
10:39 Horse Collar
16:48 Bloodlines
19:31 Wheelbarrow
22:51 Castle Age
21:04 Gold Mining
21:39 Scale Barding Armor
23:16 Forging
24:03 Chain Barding Armor
23:54 Bow Saw
27:41 Husbandry
32:52 Iron Casting
35:25 Hand Cart
watoncito
6:03 Loom
9:08 Feudal Age
13:48 Double-Bit Axe
14:18 Fletching
16:26 Padded Archer Armor
22:41 Castle Age
21:15 Gold Mining
22:55 Crossbowman
23:30 Bodkin Arrow
23:52 Bow Saw
25:11 Ballistics
NeeNee
0:26 Loom
8:46 Feudal Age
10:18 Double-Bit Axe
13:04 Fletching
21:39 Castle Age
19:55 Horse Collar
20:06 Gold Mining
21:42 Crossbowman
22:40 Bodkin Arrow
23:07 Town Watch
25:17 Ballistics
28:39 Bow Saw
29:14 Padded Archer Armor
29:57 Wheelbarrow
32:25 Thumb Ring
38:22 Imperial Age
36:42 Leather Archer Armor
EmRatGa
6:41 Loom
8:46 Feudal Age
9:16 Double-Bit Axe
20:55 Castle Age
19:43 Bloodlines
20:07 Scale Barding Armor
21:27 Husbandry
21:39 Light Cavalry
22:57 Chain Barding Armor
26:53 Forging
29:39 Iron Casting
Honda
6:16 Loom
9:04 Feudal Age
9:32 Double-Bit Axe
15:11 Scale Barding Armor
15:47 Forging
20:32 Castle Age
19:05 Bloodlines
21:33 Chain Barding Armor
20:36 Light Cavalry
21:16 Husbandry
21:31 Bow Saw
22:54 Iron Casting
27:57 Gold Mining
28:54 Horse Collar
37:06 Imperial Age
35:39 Gold Shaft Mining
Eugenius
6:11 Loom
8:48 Feudal Age
13:37 Double-Bit Axe
14:56 Fletching
15:36 Padded Archer Armor
17:16 Horse Collar
23:34 Castle Age
21:36 Gold Mining
23:32 Town Watch
24:22 Wheelbarrow
24:34 Bow Saw
23:47 Crossbowman
24:22 Bodkin Arrow
24:28 Bodkin Arrow
25:51 Ballistics
27:20 Wheelbarrow
31:42 Heavy Plow
33:44 Gold Shaft Mining
35:57 Hand Cart
BoyWonder_
8:54 Feudal Age
8:06 Loom
9:27 Double-Bit Axe
14:39 Forging
17:02 Scale Barding Armor
21:39 Castle Age
20:14 Gold Mining
21:42 Wheelbarrow
21:44 Light Cavalry
22:24 Husbandry
22:45 Chain Barding Armor
22:38 Bow Saw
24:11 Wheelbarrow
24:10 Town Watch
25:45 Hand Cart
27:44 Iron Casting
36:06 Imperial Age
36:36 Stone Mining
37:23 Gold Shaft Mining
36:29 Cavalier
37:45 Plate Barding Armor
牙dog
8:12 Loom
10:26 Feudal Age
10:37 Man-at-Arms
14:29 Double-Bit Axe
15:17 Fletching
16:43 Padded Archer Armor
18:55 Wheelbarrow
24:22 Castle Age
24:24 Crossbowman
25:00 Bodkin Arrow
28:23 Ballistics
33:03 Leather Archer Armor
34:19 Bow Saw
35:46 Thumb Ring
Connection lost

Rejoining the realm…

Still unreachable

The connection could not be restored.

Session expired

The server has moved on; the page needs a fresh start.